Map: Ley Lines

Players

Sindyr - Winner!

  • Race: Zerg Zerg
  • League: Master
  • Spawn Location: 7:00

Simsisamstar

  • Race: Zerg Zerg
  • League: Master
  • Spawn Location: 1:00

VOD

Have the link to the VOD?

Description

Time

  • Played on: Nov. 4, 2025, 4:58 p.m.
  • Length: 11:34
Show
View Real Time Build Order
Export as new Build Order

Sindyr Zerg - Winner!

Build Orders: Hatch First 

Get SALT Encoding   

  12  0:02  Drone  
  13  0:12  Drone  
  14  0:17  Extractor  
  14  0:18  Extractor  
  14  0:19  Drone  
  13  0:22  Drone  
  13  0:28  Overlord  
  16  0:49  Hatchery  
  15  0:52  Drone  
  15  0:55  Drone  
  17  1:05  Extractor  
  16  1:13  Spawning Pool  
  16  1:15  Drone  
  16  1:19  Drone  
  17  1:35  Drone x2  
  19  1:40  Drone  
  20  1:50  Overlord  
  20  2:01  Queen  
  22  2:03  Queen  
  22  2:07  Drone  
  25  2:10  Drone  
  26  2:16  Metabolic Boost  
  26  2:19  Zergling x2  
  28  2:22  Zergling x2  
  28  2:31  Drone  
  29  2:37  Extractor  
  28  2:57  Lair  
  28  3:00  Queen  
  28  3:03  Drone x3  
  33  3:08  Overlord  
  33  3:16  Drone x3  
  36  3:22  Roach Warren  
  36  3:23  Evolution Chamber  
  34  3:28  Overlord  
  34  3:52  Drone x7  
  41  4:00  Zerg Missile Weapons Level 1  
  41  4:01  Hydralisk Den, Drone  
  41  4:07  Glial Reconstitution  
  41  4:22  Hatchery  
  40  4:39  Muscular Augments  
  40  4:40  Drone x4  
  40  4:42  Drone x4  
  48  4:46  Extractor  
  48  4:47  Overlord  
  48  4:48  Extractor  
  48  4:52  Overlord  
  46  5:01  Drone x4  
  50  5:13  Infestation Pit  
  50  5:14  Evolution Chamber  
  48  5:16  Spire, Drone  
  48  5:17  Drone  
  49  5:36  Queen  
  49  5:38  Drone x7  
  49  5:40  Drone  
  59  5:59  Zerg Missile Weapons Level 2, Zerg Ground Armor Level 1  
  59  6:05  Hive  
  59  6:11  Drone x4  
  59  6:12  Drone x4  
  59  6:13  Drone  
  68  6:50  Hatchery  
  68  6:51  Extractor  
  68  6:53  Extractor  
  65  6:55  Grooved Spines  
  65  7:07  Pneumatized Carapace  
  65  7:17  Overlord x14  
  65  7:37  Hydralisk x5  
  65  7:38  Hydralisk x8  
  65  7:39  Spore Crawler  
  87  7:47  Mutalisk  
  85  8:00  Hydralisk Den  
  76  8:06  Spore Crawler  
  76  8:07  Spore Crawler  
  76  8:10  Spore Crawler x2  
  76  8:11  Spore Crawler  
  68  8:19  Drone x6  
  73  8:20  Drone x5  
  76  8:38  Hydralisk x4  
  76  8:39  Hydralisk  
  86  8:42  Roach  
  86  8:45  Roach  
  90  8:51  Drone x3  
  90  8:52  Drone  
  92  9:07  Hatchery, Hydralisk  
  92  9:09  Roach  
  95  9:11  Roach  
  97  9:34  Hydralisk x5, Extractor  
  97  9:35  Roach x2  
  97  9:36  Roach  
  110  10:13  Hydralisk  
  110  10:14  Hydralisk x7  
  98  10:16  Hydralisk  
  112  10:26  Queen  
  112  10:27  Drone x2  
  112  10:28  Drone x2  
  112  10:51  Hydralisk x3  
  112  10:52  Hydralisk x5  
  112  10:54  Hydralisk  
Show
View Real Time Build Order
Export as new Build Order

Simsisamstar Zerg 

Build Orders: Hatch First 

Get SALT Encoding   

  12  0:02  Drone  
  13  0:12  Drone  
  14  0:36  Hatchery, Drone  
  14  0:55  Spawning Pool  
  14  0:56  Drone  
  14  1:12  Overlord  
  14  1:39  Drone x3  
  17  1:44  Extractor  
  16  1:48  Queen  
  16  1:49  Drone  
  16  1:52  Drone  
  20  1:56  Queen  
  20  2:00  Drone  
  23  2:14  Drone  
  24  2:17  Drone x2  
  24  2:21  Drone  
  27  2:30  Drone  
  28  2:50  Overlord x2  
  28  3:02  Spine Crawler  
  28  3:03  Evolution Chamber  
  26  3:08  Spine Crawler  
  26  3:09  Drone x6  
  31  3:14  Drone x4  
  31  3:16  Lair  
  35  3:21  Spore Crawler, Extractor  
  33  3:33  Spore Crawler  
  32  3:39  Drone  
  32  3:40  Drone x3  
  36  3:43  Spine Crawler  
  36  3:45  Drone  
  36  3:50  Overlord x2  
  36  3:58  Spore Crawler  
  36  4:00  Drone  
  36  4:07  Queen  
  38  4:11  Drone x2  
  40  4:20  Drone  
  40  4:21  Drone x4  
  45  4:26  Extractor  
  45  4:28  Extractor  
  43  4:31  Drone  
  43  4:35  Drone x4  
  48  4:49  Drone x2  
  50  4:56  Drone x2  
  50  4:59  Overlord  
  52  5:09  Spire  
  51  5:23  Hatchery, Extractor  
  49  5:30  Drone  
  50  5:36  Zergling x2  
  51  5:54  Extractor  
  51  5:57  Overlord x2  
  50  5:59  Overseer  
  50  6:08  Drone x3  
  50  6:10  Drone  
  50  6:11  Drone x2  
  56  6:15  Hatchery  
  56  6:17  Drone x2  
  57  6:18  Queen  
  57  6:22  Zerg Flyer Weapons Level 1  
  58  6:28  Mutalisk  
  58  6:29  Mutalisk x6  
  72  6:35  Mutalisk x4  
  80  6:42  Drone  
  81  7:24  Drone  
  81  7:26  Overlord x2  
  81  7:28  Zerg Melee Weapons Level 1  
  82  7:33  Metabolic Boost  
  82  7:58  Mutalisk x2  
  82  7:59  Mutalisk x7  
  100  8:16  Zerg Flyer Armor Level 1  
  86  8:59  Zergling x12  
  92  9:03  Drone x6  
  92  9:04  Drone x6  
  104  9:17  Evolution Chamber  
  104  9:20  Spire  
  102  9:27  Evolution Chamber  
  102  9:30  Baneling Nest  
  100  9:49  Extractor  
  99  9:53  Hatchery  
  99  9:54  Extractor, Spore Crawler  
  99  9:59  Hatchery  
  95  10:00  Extractor  
  95  10:02  Extractor  
  79  10:17  Zergling x4  
  79  10:18  Zergling x12  
  80  10:26  Mutalisk x4  
  80  10:27  Mutalisk x7  
  80  10:28  Mutalisk x2  
  96  10:30  Zergling x2  
  96  10:31  Overlord x3  
  27  11:26  Roach Warren  
Tags
 
Matchup
ZvZ
Race
Zerg
Replay Pack
Multiplayer
Spawn Locations
Cross Positions
Add a new tag
Caveats
  • Supply blocks, unpowered buildings, or Contaminate may cause inaccurate times.
  • Supply counts are checked every 10 seconds.